 Dungeon Sprint DCSS version 0.18-a0-1562-gac8da35 (webtiles) character file.

2 pipel the Grave Robber (level 1, -2/14 HPs)
             Began as a Minotaur Necromancer on Mar 13, 2016.
             Was an Initiate of Makhleb.
             Slain by a worker ant (7 damage)
             ... in the Dungeon (Sprint VII: "The Pits").
             The game lasted 00:01:24 (73 turns).

pipel the Grave Robber (Minotaur Necromancer)         Turns: 73, Time: 00:01:24

Health: -2/14      AC:  2    Str: 12    XL:     1   Next: 25%
Magic:  1/2        EV: 12    Int: 12    God:    Makhleb [......]
Gold:   0          SH:  0    Dex: 10    Spells: 2 memorised, 1 level left

rFire  . . .     SeeInvis .     a - +2 trident
rCold  . . .     Gourm    .     k - +0 robe
rNeg   . . .     Faith    .     (no shield)
rPois  .         Spirit   .     (helmet restricted)
rElec  .         Dismiss  .     (no cloak)
rCorr  .         Reflect  .     (no gloves)
SustAt .         Harm     .     (no boots)
MR     .....     NoTele   +     (no amulet)
Stlth  +.........               (no ring)
                                (no ring)

@: very slightly contaminated, invisible, not resistant to hostile enchantments,
very unstealthy
A: retaliatory headbutt, horns 2
a: Renounce Religion


You were in the Dungeon.
You worshipped Makhleb.
Makhleb was noncommittal.
You were not hungry.

You visited 1 branch

Inventory:

Hand Weapons
 a - a +2 trident (weapon)
 j - a +2 quarterstaff
Missiles
 p - 10 stones (quivered)
Armour
 k - a +0 robe (worn)
Magical Staves
 b - an uncursed staff of energy
Scrolls
 i - a scroll of blinking
 r - 3 scrolls of remove curse
 s - 5 scrolls of amnesia
 t - a scroll of summoning
 u - 2 scrolls of vulnerability
Potions
 d - a potion of curing
 e - a potion of heal wounds
 f - a potion of haste
 g - 4 potions of magic
 h - 3 potions of berserk rage
 o - a potion of invisibility
Books
 q - a book of Necromancy

   Spells                             Type                      Level
   a - Pain                           Necromancy                   1
   b - Animate Skeleton               Necromancy                   1
   c - Vampiric Draining              Necromancy                   3
   d - Regeneration                   Charms/Necromancy            3
   e - Animate Dead                   Necromancy                   4
   f - Control Undead                 Necromancy                   4
Comestibles
 c - 8 bread rations
 l - 3 chunks of flesh
 m - 40 fruits
 n - 7 meat rations


   Skills:
 - Level 2.1 Dodging
 - Level 1.5 Stealth
 + Level 1.6 Spellcasting
 + Level 3.4 Necromancy


You had one spell level left.
You knew the following spells:

 Your Spells              Type           Power        Failure   Level  Hunger
a - Animate Skeleton      Necr           N/A          10%         1    ##.....
b - Pain                  Necr           #...         10%         1    ##.....


Dungeon Overview and Level Annotations

Branches:
Dungeon (1/1)

Altars:
Ashenzari
Cheibriados
Dithmenos
Elyvilon
Fedhas
Kikubaaqudgha
Makhleb
Nemelex Xobeh
Okawaru
Pakellas
Ru
Sif Muna
Trog
Vehumet
Xom
Yredelemnul
Zin
The Shining One
Beogh
Jiyva
Lugonu


Innate Abilities, Weirdness & Mutations

You reflexively headbutt those who attack you in melee.
You have a pair of horns on your head.


Message History

The worker ant is heavily wounded.
The worker ant closely misses you.
Casting: Animate Skeleton
Confirm with . or Enter, or press ? or * to list all spells.
There is nothing here that can be animated!
Unknown command.
Casting: Animate Skeleton
Confirm with . or Enter, or press ? or * to list all spells.
You don't know that spell.
Casting: Animate Skeleton
Confirm with . or Enter, or press ? or * to list all spells.
Aiming: Pain
Press: ? - help, Shift-Dir - straight line, f/p - worker ant
Aim: a worker ant (heavily wounded, chance to defeat MR: 68%)
The worker ant struggles to resist.
The worker ant misses you. You furiously retaliate!
You headbutt the worker ant, but do no damage.
The worker ant bites you!
Ouch! That really hurt!
You die...

############
#__________#
#__________#
#_#####'##############+
#)))'.'..##..........
#..)#.#..##......#..#
#######'#####..........
#.....@.....'..........
#+#####a#####......#..#
#.... #..........
#####+ ####'#####+
#.......# #.......#
#.......# #...<...#
#.......#


You could see a worker ant.

Vanquished Creatures
  An orc (D)
1 creature vanquished.

Notes
Turn   | Place    | Note
--------------------------------------------------------------
     0 | D        | pipel the Minotaur Necromancer began the quest for the Orb.
     0 | D        | Reached XP level 1. HP: 14/14 MP: 1/1
    31 | D        | Reached skill level 3 in Necromancy
    37 | D        | Learned a level 1 spell: Animate Skeleton
    43 | D        | Found a sacrificial altar of Ru.
    43 | D        | Found a basalt altar of Yredelemnul.
    43 | D        | Found a glowing golden altar of the Shining One.
    43 | D        | Found a deep blue altar of Sif Muna.
    43 | D        | Found a burning altar of Makhleb.
    43 | D        | Found an ancient bone altar of Kikubaaqudgha.
    43 | D        | Found a glowing silver altar of Zin.
    44 | D        | Found a shadowy altar of Dithmenos.
    44 | D        | Found a bloodstained altar of Trog.
    44 | D        | Found a shattered altar of Ashenzari.
    44 | D        | Found a white marble altar of Elyvilon.
    44 | D        | Found a snail-covered altar of Cheibriados.
    44 | D        | Found a blossoming altar of Fedhas.
    44 | D        | Found a radiant altar of Vehumet.
    44 | D        | Found a shimmering altar of Xom.
    44 | D        | Found a sparkling altar of Nemelex Xobeh.
    44 | D        | Found a corrupted altar of Lugonu.
    44 | D        | Found a viscous altar of Jiyva.
    44 | D        | Found a roughly hewn altar of Beogh.
    44 | D        | Found an iron altar of Okawaru.
    45 | D        | Found an oddly glowing altar of Pakellas.
    47 | D        | Became a worshipper of Makhleb the Destroyer
    65 | D        | Noticed a worker ant
    73 | D        | Slain by a worker ant

Vault maps used:
D:        pitsprint

Skill      XL: |  1 |
---------------+----+-----
Necromancy     | 3 |  3.4
Dodging        | |  2.1
Stealth        | |  1.5
Spellcasting   | |  1.6

Action                   || total
-------------------------++-------
Melee: Trident           ||     3
       Quarterstaff      ||     1
 Cast: Pain              ||     2
       Animate Skeleton  ||     1
  Use: Potion            ||     1
 Stab: Sleeping          ||     1
